 Dungeon Crawl Stone Soup version 0.25-a0-308-geac79542e2 (webtiles) character file.

Game seed: 524522333784596155, levelgen mode: deterministic

4763 RedPan the Frost Mage (level 10, 0/74 HPs)
             Began as a Yellow Draconian Ice Elementalist on Dec 22, 2019.
             Was a Priest of Sif Muna.
             Succumbed to an orc priest's poison
             ... on level 10 of the Dungeon.
             The game lasted 00:22:43 (12394 turns).

RedPan the Frost Mage (DrIE)                       Turns: 12394, Time: 00:22:44

Health: 0/74       AC: 10    Str: 10      XL:     10   Next: 23%
Magic:  6/21       EV: 12    Int: 19      God:    Sif Muna [***...]
Gold:   317        SH:  0    Dex: 11 (12) Spells: 12/24 levels left

rFire    . . .     SeeInvis .   h - +0 spear (venom)
rCold    + . .     Gourm    .   (no shield)
rNeg     . . .     Faith    .   (armour unavailable)
rPois    .         Spirit   .   F - +1 hat
rElec    .         Reflect  .   o - +1 cloak
rCorr    +         Harm     .   (no gloves)
MR       .....                  (no boots)
Stlth    ++........             (no amulet)
HPRegen  0.22/turn              c - ring of protection from fire
MPRegen  0.17/turn              w - ring of ice

@: lethally poisoned (0 -> -2)
A: spit acid, unfitting armour, cold-blooded, acid resistance, AC +7
a: Breathe Acid, Channel Magic, Forget Spell, Renounce Religion


You were on level 10 of the Dungeon.
You worshipped Sif Muna.
Sif Muna was most pleased with you.
You were near starving.

You visited 2 branches of the dungeon, and saw 12 of its levels.
You also visited: Sewer and Ossuary.

You collected 859 gold pieces.
You spent 542 gold pieces at shops.

Inventory:

Hand Weapons
 h - a +0 spear of venom (weapon)
Armour
 j - a scarf of repulsion
 o - a +1 cloak (worn)
 F - a +1 hat (worn)
Jewellery
 c - a ring of protection from fire (left hand)
 w - a ring of ice (right hand)
 H - an uncursed ring of wizardry
Wands
 r - a wand of acid (8)
 x - a wand of clouds (10)
 A - a wand of digging (4)
 B - a wand of paralysis (8)
 D - a wand of scattershot (3)
 E - a wand of iceblast (6)
 G - a wand of flame (18)
 M - a wand of enslavement (9)
Scrolls
 e - 5 scrolls of magic mapping
 k - 2 scrolls of remove curse
 l - 3 scrolls of amnesia
 p - 4 scrolls of teleportation
 s - 2 scrolls of fog
 v - 5 scrolls of fear
 y - 2 scrolls of enchant armour
 C - a scroll of blinking
Potions
 a - 6 potions of heal wounds
 f - 10 potions of curing
 g - 4 potions of magic
 m - 4 potions of might
 n - 2 potions of cancellation
 q - 3 potions of lignification
 t - a potion of resistance
 u - a potion of agility
 z - 2 potions of haste
 K - a potion of ambrosia
 L - 2 potions of mutation
 N - 3 potions of flight
 O - a potion of berserk rage
Comestibles
 b - 28 rations


   Skills:
 + Level 2.4 Fighting
 - Level 2.0 Dodging
 - Level 2.0 Stealth
 + Level 7.5 Spellcasting
 - Level 5.0 Conjurations
 + Level 3.3 Charms
 - Level 6.0 Summonings
 - Level 8.0 Ice Magic
 + Level 5.7 Invocations


You had 12 spell levels left.
You knew the following spells:

 Your Spells              Type           Power        Failure   Level  Hunger
a - Freeze                Ice            ####         1%          1    None
b - Summon Ice Beast      Ice/Summ       ######..     5%          4    ###....
c - Hailstorm             Conj/Ice       #####...     7%          4    ###....
d - Ozocubu's Armour      Chrm/Ice       #####...     2%          3    #......

Your spell library contained the following spells:

 Spells                   Type           Power        Failure   Level  Hunger
 Summon Small Mammal      Summ           ####         1%          1    None
 Recall                   Summ/Tloc      N/A          9%          3    #......
 Animate Skeleton         Necr           N/A          10%         1    None
 Apportation              Tloc           #.....       10%         1    None
 Confusing Touch          Hex            #.....       10%         1    None
 Confuse                  Hex            #.......     28%         3    #......
 Gell's Gravitas          Tloc           #.........   28%         3    #......
 Metabolic Englaciation   Hex/Ice        ####......   45%         5    #####..
 Animate Dead             Necr           N/A          67%         4    ###....
 Petrify                  Tmut/Erth      #.......     67%         4    ###....
 Borgnjor's Vile Clutch   Necr/Erth      #.........   95%         5    #####..
 Yara's Violent Unravell  Hex/Tmut       #.........   95%         5    #####..
 Simulacrum               Ice/Necr       ####......   96%         6    ######.
 Death Channel            Necr           #.........   100%        6    ######.


Dungeon Overview and Level Annotations

Branches:
Dungeon (11/15)            Temple (1/1) D:6           Sewer (visited)
Ossuary (visited)
   Lair: D:8-11         Orc: D:9-12

Altars:
Ashenzari
Cheibriados
Dithmenos
Elyvilon
Fedhas
Gozag
Hepliaklqana
Kikubaaqudgha
Makhleb
Nemelex Xobeh
Okawaru
Qazlal
Ru
Sif Muna
Trog
Uskayaw
Vehumet
Wu Jian
Xom
Yredelemnul
Zin
The Shining One

Shops:
D:6 *   D:8 }   D:10 !

Annotations:
D:5 3 runed translucent doors, imorgonsnalla's ghost, novice MiMo


Innate Abilities, Weirdness & Mutations

You can spit globs of acid.
Your golden yellow scales are hard. (AC +7)
You cannot fit into any form of body armour.
You are cold-blooded and may be slowed by cold attacks.
You are resistant to acid. (rCorr)


Message History

You feel sick.
The cyclops throws a large rock.
The large rock closely misses your ice beast. x2
The large rock hits you!!
* * * LOW HITPOINT WARNING * * *
The gargoyle hits you with a +0 flail!!
* * * LOW HITPOINT WARNING * * *
Your ice beast hits the gargoyle but does no damage. x2
The cyclops throws a large rock.
The large rock closely misses your ice beast.
The large rock hits the gargoyle!!!
The gargoyle is destroyed!
Unknown command.
The cyclops throws a large rock.
The large rock closely misses your ice beast.
The large rock hits your ice beast!!
The quasit bites your ice beast but does no damage.
The quasit closely misses your ice beast.
The quasit claws your ice beast but does no damage.
You climb upwards.
Your summoned allies are left behind.
You die...

.............................(..#
................................#
################[...............#
# #..#############.# # #).# #..
################..# ###
..................###############
.............[[..................
..............(.@.....######..[..
...............[.......## #.####
........................# #.#
......^................#####.#
......................###.##.#
.....................###...#.#
......................#......#
.............................####
............................>....


There were no monsters in sight!

Vanquished Creatures
  Edmund (D:4)
  A black bear (D:7)
  2 ice beasts
  2 sky beasts
  A crocodile (D:8)
  3 centaurs
  A big kobold (Sewer)
  2 bullfrogs
  A water moccasin skeleton (D:6)
  2 scorpions
  An electric eel (D:6)
  2 crimson imps
  3 jellies
  Crazy Yiuf (D:2)
  A bullfrog zombie (D:6)
  2 hounds (D:4)
  A bullfrog skeleton (D:6)
  3 iguanas
  3 orc wizards (D:5)
  2 worker ants (D:7)
  Natasha (twice) (D:3)
  Ijyb (D:3)
  A killer bee zombie (D:6)
  A hound skeleton (D:5)
  A mummy (Ossuary)
  A worker ant zombie (D:10)
  10 adders
  5 gnolls
  A howler monkey skeleton (D:8)
  A river rat (Sewer)
  3 shadow imps
  2 oozes (Sewer)
  An adder skeleton (D:8)
  7 worms
  A dart slug (D:3)
  A leopard gecko (D:1)
  7 orcs
  4 bats
  2 giant cockroaches
  8 goblins
  2 hobgoblins
  6 jackals
  13 kobolds
  2 quokkas
  7 ball pythons
  6 frilled lizards
  A jackal skeleton (D:4)
  A leopard gecko skeleton (D:4)
  2 quokka skeletons
  2 quokka zombies (D:5)
  14 rats
151 creatures vanquished.

Vanquished Creatures (collateral kills)
  A two-headed ogre (D:8)
  An unseen horror (D:10)
  Pikel (D:8)
  Psyche (D:10)
  A gargoyle (D:10)
  Joseph (D:10)
  A hornet (D:11)
  A hippogriff (D:10)
  A wyvern (D:11)
  A hungry ghost (D:8)
  An orc warrior (D:8)
  2 sky beasts (D:9)
  An eye of draining (D:10)
  An ice beast (D:8)
  2 slaves (D:8)
  A phantom (D:6)
  3 ogres
  2 bullfrogs
  2 centaur zombies
  2 bullfrog zombies
  A quasit (D:11)
  An orc priest (D:11)
  9 orc wizards
  A hound skeleton (D:8)
  7 mummies (Ossuary)
  2 adders
  3 shadow imps
  3 leopard geckos
  16 orcs
  2 gnoll zombies (Ossuary)
  A quokka (D:8)
  A frilled lizard (D:4)
  2 hobgoblin zombies (Ossuary)
  3 kobold zombies (Ossuary)
  An orc zombie (Ossuary)
80 creatures vanquished.

Vanquished Creatures (others)
  A gargoyle (D:11)
1 creature vanquished.

Grand Total: 232 creatures vanquished

Notes
Turn   | Place    | Note
-------+----------+-------------------------------------------
     0 | D:1      | RedPan the Draconian Ice Elementalist began the quest for
                  | the Orb.
     0 | D:1      | Reached XP level 1. HP: 14/14 MP: 3/3
   520 | D:1      | Reached XP level 2. HP: 20/20 MP: 3/5
  1308 | D:2      | Reached XP level 3. HP: 14/26 MP: 1/6
  2012 | D:2      | Found a runed translucent door.
  2013 | D:2      | Noticed Crazy Yiuf
  2373 | D:2      | Killed Crazy Yiuf
  2373 | D:2      | Reached XP level 4. HP: 4/33 MP: 2/8
  2386 | D:2      | Learned a level 4 spell: Summon Ice Beast
  2391 | D:2      | Learned a level 4 spell: Hailstorm
  2750 | D:3      | Noticed Natasha
  2758 | D:3      | Killed Natasha
  2758 | D:3      | Reached skill level 5 in Ice Magic
  2950 | D:3      | Noticed Natasha
  2968 | D:3      | Noticed Ijyb
  2978 | D:3      | Killed Ijyb
  2978 | D:3      | Reached skill level 1 in Summonings
  2978 | D:3      | Reached XP level 5. HP: 29/38 MP: 4/10
  3036 | D:3      | Killed Natasha
  3511 | D:4      | Noticed Edmund
  3522 | D:4      | Killed Edmund
  3522 | D:4      | Reached XP level 6. HP: 19/45 MP: 2/12
  4013 | D:4      | Found a glowing drain.
  4060 | Sewer    | Entered a sewer
  4477 | Sewer    | Reached skill level 6 in Ice Magic
  4544 | Sewer    | Your scales start taking on a golden yellow colour.
  4544 | Sewer    | Reached XP level 7. HP: 44/50 MP: 7/13
  4544 | Sewer    | Gained mutation: You are resistant to acid. (rCorr) [Yellow
                  | Draconian growth]
  5002 | D:5      | Entered Level 5 of the Dungeon
  5144 | D:5      | Reached skill level 5 in Spellcasting
  5218 | D:5      | Noticed imorgonsnalla's ghost (novice MiMo)
  5226 | D:5      | Found a runed translucent gate.
  5226 | D:5      | Found a runed translucent gate.
  5226 | D:5      | Found a runed translucent gate.
  5459 | D:5      | Reached skill level 1 in Conjurations
  5622 | D:5      | Reached XP level 8. HP: 57/57 MP: 12/15
  5813 | D:6      | Found a staircase to the Ecumenical Temple.
  5823 | Temple   | Entered the Ecumenical Temple
  5933 | Temple   | Became a worshipper of Sif Muna the Loreminder
  5973 | D:6      | Found a hide-covered altar of Uskayaw.
  5987 | D:6      | Reached skill level 7 in Ice Magic
  6150 | D:6      | Reached skill level 1 in Invocations
  6577 | D:6      | Reached skill level 5 in Summonings
  6809 | D:6      | Found Netarphot's General Store.
  6817 | D:6      | Bought a potion of degeneration for 14 gold pieces
  7448 | D:7      | Found a sand-covered staircase.
  7468 | Ossuary  | Entered an ossuary
  7483 | Ossuary  | Reached * piety under Sif Muna
  7997 | D:7      | Reached XP level 9. HP: 47/62 MP: 10/18
  8116 | D:7      | Found a shattered altar of Ashenzari.
  8392 | D:8      | Noticed Pikel
  8455 | D:8      | Found Wuoxefum's Gadget Shoppe.
  8716 | D:8      | Reached ** piety under Sif Muna
  8986 | D:8      | Noticed a two-headed ogre
  8993 | D:8      | Killed a two-headed ogre
  8998 | D:8      | Learned a level 3 spell: Ozocubu's Armour
  9036 | D:8      | Reached skill level 8 in Ice Magic
  9590 | D:8      | Killed Pikel
  9590 | D:8      | Reached skill level 1 in Charms
  9764 | D:8      | Found a shimmering blue altar of Sif Muna.
 10420 | D:10     | Entered Level 10 of the Dungeon
 10428 | D:10     | Noticed Joseph
 10438 | D:10     | Killed Joseph
 10513 | D:10     | Noticed a gargoyle
 10517 | D:10     | Killed a gargoyle
 10517 | D:10     | Reached skill level 5 in Conjurations
 10517 | D:10     | Reached skill level 5 in Invocations
 10965 | D:10     | Noticed Psyche
 10981 | D:10     | Killed Psyche
 10981 | D:10     | Reached skill level 1 in Fighting
 10981 | D:10     | Reached XP level 10. HP: 44/71 MP: 9/20
 11236 | D:10     | Reached *** piety under Sif Muna
 11321 | D:10     | Found Zary's Distillery.
 11333 | D:10     | Bought a potion of berserk rage for 80 gold pieces
 11333 | D:10     | Bought 2 potions of haste for 320 gold pieces
 11333 | D:10     | Bought a potion of mutation for 128 gold pieces
 11502 | D:10     | Killed an unseen horror
 11678 | D:10     | Found a hide-covered altar of Uskayaw.
 12071 | D:11     | Paralysed by a hornet for 2 turns
 12381 | D:11     | Noticed a gargoyle
 12385 | D:11     | Noticed a cyclops
 12387 | D:11     | Noticed a cyclops
 12392 | D:11     | HP: 1/74 [gargoyle/+0 flail (19)]
 12392 | D:11     | Killed a gargoyle
 12394 | D:10     | Succumbed to an orc priest's poison

Levels and vault maps discovered:
D:1:      psy_arrival_basics, layout_basic
D:2:      layout_basic, minmay_rat_gold_closets, uniq_crazy_yiuf_cottage
D:3:      layout_rooms, uniq_ijyb, uniq_natasha
D:4:      minmay_opposing_rooms, layout_loops_ring, portal_sewer_entry_b,
          first_ration, cheibrodos_gnoll_hut, uniq_edmund
D:5:      layout_basic, gammafunk_ghost_split
D:6:      layout_rooms, minmay_temple_entry_antechambers, serial_shops, shop,
          basic_altar, kennysheep_small_spiral, minmay_door_square
D:7:      layout_cave_pods, lemuel_round_altar, nicolae_ossuary_entry_ruins
D:8:      layout_layer_cave, serial_shops, shop, grunt_ogre_cave, led_sif_pool,
          uniq_pikel
D:9:      layout_roguey
D:10:     layout_long_grid, basic_altar, serial_shops, shop,
          nicolae_straight_to_the_point, uniq_joseph, uniq_psyche
D:11:     minmay_the_grid_octo_tiled_octocenter_mashed
          [minmay_the_grid_octo_clover, minmay_the_grid_octo_tetromino_candy,
          minmay_the_grid_octo_pinwheel, minmay_the_grid_octo_shrine,
          minmay_the_grid_octo_prize_square_snowflake,
          minmay_the_grid_square_5x5_fancy_junction,
          minmay_the_grid_square_5x5_hourglass,
          minmay_the_grid_square_5x5_inner_i,
          minmay_the_grid_square_5x5_one_wall], layout_stronghold,
          lair_entry_dummy, basic_altar, minmay_stone_trees_small,
          chequers_jeans
Temple:   kilobyte_greek_temple

Skill      XL: |  1  2  3  4  5  6  7  8  9 10 |
---------------+-------------------------------+-----
Dodging        | 2 |  2.0
Stealth        | 2 |  2.0
Spellcasting   | 3 4 5 6 7 |  7.5
Ice Magic      | 5 6 7 8 |  8.0
Summonings     | 1 2 3 4 5 6 |  6.0
Conjurations   | 1 3 5 |  5.0
Invocations    | 2 5 |  5.7
Charms         | 2 3 |  3.3
Fighting       | 1 2 |  2.4

Action                   |  1- 3 |  4- 6 |  7- 9 | 10-12 || total
-------------------------+-------+-------+-------+-------++-------
Melee: Unarmed           |     3 |       |       |       ||     3
       Tailslap          |     3 |     9 |    34 |     8 ||    54
       Whip              |    25 |    67 |   321 |    26 ||   439
       Short sword       |     3 |       |       |       ||     3
       Spear             |       |       |     1 |    35 ||    36
 Cast: Freeze            |    36 |    91 |    80 |     6 ||   213
       Summon Ice Beast  |       |       |    67 |    11 ||    78
Evoke: Wand              |       |       |     1 |       ||     1
  Use: Scroll            |     3 |     4 |    13 |     3 ||    23
       Potion            |       |       |       |     3 ||     3
 Stab: Sleeping          |     6 |     2 |     6 |       ||    14
  Eat: Chunk             |     5 |     7 |    24 |     1 ||    37
       Ration            |       |       |     2 |     1 ||     3
Armor: Skin              |    14 |    44 |   162 |    55 ||   275
Dodge: Dodged            |    29 |   115 |   270 |    33 ||   447

Table legend:
 A = Non-vault XP
 B = Vault XP
 C = Vault XP percentage of total XP
 D = Non-vault monster count
 E = Vault monster count
 F = Vault count percentage of total count
                 A         B        C        D         E       F
            +---------+---------+-------+---------+---------+-------
      Total |    5161 |    1644 |  24.2 |     167 |      62 |  27.1
            +---------+---------+-------+---------+---------+-------
        D:1 |      23 |       0 |   0.0 |      15 |       0 |   0.0
        D:2 |      46 |      50 |  52.1 |      12 |       7 |  36.8
        D:3 |      76 |      68 |  47.2 |      16 |       2 |  11.1
        D:4 |      86 |     366 |  81.0 |       8 |      13 |  61.9
        D:5 |     571 |       0 |   0.0 |      23 |       0 |   0.0
        D:6 |     900 |       0 |   0.0 |      25 |       0 |   0.0
        D:7 |     466 |       0 |   0.0 |      10 |       0 |   0.0
        D:8 |    1158 |     362 |  23.8 |      22 |       2 |   8.3
        D:9 |     330 |       0 |   0.0 |       9 |       0 |   0.0
       D:10 |    1293 |     448 |  25.7 |      21 |       2 |   8.7
       D:11 |     212 |     105 |  33.1 |       6 |       1 |  14.3
      Sewer |       0 |     149 | 100.0 |       0 |      19 | 100.0
    Ossuary |       0 |      96 | 100.0 |       0 |      16 | 100.0
            +---------+---------+-------+---------+---------+-------
